Unix NetHack Version 3.7.0-53 Work-in-progress - last build Apr 1 2022 12:02:44 (7e311aa8f678825fd515f266b121b8a7a7199ace,branch:master). Game began 2022-04-04 13:18:52, ended 2022-04-04 13:43:26. Gandelf, neutral male human Monk -------- ---------- ------------ -------- -------- #.>.....| |....<....#### |..........| |.......###%## |......| #|......| |........| ####...........| #.......| ##|......| #|......| |........| |........_.| %|......| #|......rr #-------- |........| |.......(..| ####|......| #-......|@ # |........| ---|---.---- % |......| #|......|r # ----.----- # # # -|------ #--------# # # )# # ####%# # ## # # # % # ### # #### ## # # # #### # #------# ----# # ) #--.---# #|....|# |..|# # ## #|.....# #)....|# |...# --------.---# #|....| |....|# ----#############...........|# #|....| |.....# # |..........[# #.....| ------ # |..........| ------ # ------------ Gandelf the Initiate St:15 Dx:13 Co:12 In:13 Wi:16 Ch:7 Neutral S:4386 Dlvl:5 $:2846 HP:0(54) Pw:50(50) AC:4 Xp:6/335 T:3304 Latest messages: (Use the #enhance command to advance them.) You kill the hill orc! Welcome to experience level 6. You have no ammunition readied. What do you want to throw? [$ or ?*] Never mind. The hill orc hits! You hit the hill orc! The hill orc hits! You kill the hill orc! You see here a large box. The large box is empty. You are beginning to feel weak. What do you want to eat? [g-jwABMPT or ?*] ? This food really hits the spot! You finish eating the food ration. Where do you want to travel to? (For instructions type a '?') You hear a clank. You see here a leprechaun corpse. You hit the floating eye. You hit the floating eye! The floating eye turns to flee. You are frozen by the floating eye's gaze! The wererat bites! The wererat bites! The wererat bites! The wererat bites! The wererat bites! The wererat summons help! A sewer rat suddenly appears next to you! A giant rat suddenly appears next to you! A sewer rat suddenly appears close by! The wererat bites! You feel feverish. The giant rat bites! The sewer rat bites! The wererat bites! The giant rat bites! The sewer rat bites! The wererat bites! The giant rat bites! The sewer rat bites! The wererat bites! The giant rat bites! The sewer rat just misses! The wererat bites! You die... Do you want your possessions identified? [ynq] (y) y Do you want to see your attributes? [ynq] (y) q Major events: Turn 1: Gandelf the neutral male human Monk entered the dungeon 1056: attained the rank of Novice (level 3) 1118: entered the Gnomish Mines 3221: attained the rank of Initiate (level 6) 3304: killed by a wererat, while frozen by a floating eye's gaze Inventory: Coins $ - 2846 gold pieces Armor z - a cursed -1 orcish helm a - an uncursed +2 pair of leather gloves (being worn) D - an uncursed +0 pair of iron shoes b - an uncursed +1 robe (being worn) Comestibles h - 6 uncursed apples g - 4 uncursed food rations j - 4 uncursed fortune cookies w - a cursed fortune cookie B - 2 uncursed lembas wafers i - 5 uncursed oranges M - an uncursed pancake A - 2 uncursed eggs P - 2 uncursed eggs Scrolls d - an uncursed scroll of charging G - an uncursed scroll of remove curse Spellbooks H - an uncursed spellbook of haste self c - a blessed spellbook of protection Potions f - a blessed diluted potion of healing F - an uncursed potion of paralysis e - 2 potions of holy water Wands K - a blessed wand of magic missile (0:3) L - a wand of polymorph (0:7) Tools C - an uncursed figurine of a grid bug E - a +0 pick-axe Gems/Stones N - 2 uncursed worthless pieces of green glass o - an uncursed worthless piece of yellow glass v - 2 uncursed worthless pieces of yellowish brown glass Gandelf the Monk's attributes: Background: You were an Initiate, a level 6 male human Monk. You were neutral, on a mission for Chih Sung-tzu who was opposed by Shan Lai Ching (lawful) and Huan Ti (chaotic). You were in the Dungeons of Doom, on level 5. You entered the dungeon 3304 turns ago. You had 335 experience points, 305 more were needed to attain level 7. Your score was 4386 before end-of-game adjustments. Basics: You had 0 out of 54 hit points. You had all 50 energy points (spell power). Your armor class was 4. Your wallet contained 2846 zorkmids. Autopickup was off. Final Characteristics: Your strength was 15 (limit:18/100). Your dexterity was 13 (limit:18). Your constitution was 12 (limit:18). Your intelligence was 13 (limit:18). Your wisdom was 16 (limit:18). Your charisma was 7 (limit:18). Final Status: You were not hungry. You were unencumbered. You were empty handed. You had basic skill with martial arts and could have enhanced that. Final Attributes: You were piously aligned. You were sleep resistant. You were poison resistant. You were level-drain resistant. You saw invisible. You were stealthy. You were guarded. You were a wererat. You were harmed by silver. You were fast. You are dead. Miscellaneous: You never encountered a bones level. Total elapsed playing time was 24 minutes and 33 seconds. Vanquished creatures: a leprechaun a rock mole a gnome leader a gray ooze an elf zombie a little dog 2 floating eyes a dwarf a homunculus 10 hill orcs a wererat 2 cave spiders 3 green molds a red mold 2 gnomes 3 geckos 4 jackals 2 foxes a kobold 4 goblins 4 sewer rats 8 grid bugs a bat 3 lichens 3 kobold zombies 3 newts 65 creatures vanquished. No species were genocided or became extinct. Voluntary challenges: You followed a strict vegan diet. You never hit with a wielded weapon. You were illiterate. You never engraved Elbereth. You never genocided any monsters. You never polymorphed an object. You never changed form. You used no wishes. Achievements: You attained the rank of Novice. You entered the Gnomish Mines. You attained the rank of Initiate. The Dungeons of Doom: levels 1 to 5 Level 1: An altar to Chih Sung-tzu. Level 2: Stairs down to The Gnomish Mines. Level 3: Level 4: A sink. Level 5: <- You were here. An altar to Chih Sung-tzu. Final resting place for you, killed by a wererat, while frozen by a floating eye's gaze. The Gnomish Mines: Level 3: Game over: ---------- / \ / REST \ / IN \ / PEACE \ / \ | Gandelf | | 2846 Au | | killed by a | | wererat | | | | | | 2022 | *| * * * | * _________)/\\_//(\/(/\)/\//\/|_)_______ Goodbye Gandelf the Monk... You died in The Dungeons of Doom on dungeon level 5 with 4102 points, and 2846 pieces of gold, after 3304 moves. You were level 6 with a maximum of 54 hit points when you died.